 Dungeon Crawl Stone Soup version 0.31.0-32-g396128a36d (webtiles) character file.

Game seed: 11010735347410843523

230 PaiMei the Grave Robber (level 5, -5/32 (35) HPs)
             Began as a Demonspawn Necromancer on Mar 29, 2024.
             Slain by a centaur
             ... wielding the +8 whip "PaiMei's Curse" {pain, *Rage rPois rCorr}
              (7 damage)
             ... on level 5 of the Dungeon.
             The game lasted 00:04:19 (4334 turns).

PaiMei the Grave Robber (Demonspawn Necromancer)    Turns: 4334, Time: 00:04:19

HP:   -5/32 (35)    AC:  4    Str:  8    XL:     5   Next: 72%
MP:   9/9           EV: 13    Int: 18    God:
Gold: 311           SH:  0    Dex: 13    Spells: 6/10 levels left

rFire   . . .        w - +0 dagger (pain)
rCold   . . .        (no shield)
rNeg    . . .        a - +0 robe
rPois   .            s - +0 helmet
rElec   .            h - +0 cloak
rCorr   .            (no gloves)
SInv    .            (no boots)
Will    .....        (no amulet)
Stlth   ++           (no ring)
HPRegen 0.25/turn    (no ring)
MPRegen 0.11/turn

%: no passive effects
@: drained
A: claws 1, spiny 1
a: no special abilities


You were on level 5 of the Dungeon.
You visited 1 branch of the dungeon, and saw 5 of its levels.

You collected 311 gold pieces.

Inventory:

Hand Weapons
 w - a +0 dagger of pain (weapon)
Armour
 a - a +0 robe (worn)
 h - a +0 cloak (worn)
 r - the +1 scale mail "Axuigext" {rC+ rN+ Stlth+}
   (You found it on level 2 of the Dungeon)

   rC+:       It protects you from cold.
   rN+:       It protects you from negative energy.
   Stlth+:    It makes you more stealthy.
 s - a +0 helmet (worn)
Jewellery
 m - a ring of protection from cold
 o - an amulet of faith
 t - an amulet of guardian spirit
Wands
 k - a wand of flame (2)
Scrolls
 c - a scroll of vulnerability {unknown}
 d - a scroll of acquirement {unknown}
 i - 4 scrolls of identify {unknown}
 j - a scroll of blinking {unknown}
 n - 2 scrolls of fog {unknown}
 p - 3 scrolls of teleportation {unknown}
 u - a scroll of noise {unknown}
 x - a scroll of butterflies {unknown}
Potions
 b - 2 potions of magic
 e - 3 potions of cancellation {unknown}
 f - a potion of mutation {unknown}
 g - 4 potions of might {unknown}
 l - 3 potions of curing {unknown}
 q - 2 potions of enlightenment {unknown}
 v - a potion of heal wounds {unknown}
 z - a potion of lignification {unknown}
 A - a potion of ambrosia {unknown}


   Skills:
 + Level 3.1 Dodging
 + Level 3.2 Stealth
 + Level 3.2 Spellcasting
 + Level 5.4 Necromancy


You had 6 spell levels left.
You knew the following spells:

 Your Spells              Type           Power      Damage    Failure   Level
a - Necrotise             Necr           88%        1d8       1%          1
b - Vampiric Draining     Necr           22%        2d7       5%          3

Your spell library contained the following spells:

 Spells                   Type           Power      Damage    Failure   Level
 Animate Dead             Necr           22%        N/A       17%         4
 Hailstorm                Conj/Ice       2%         3d5       43%         3
 Summon Ice Beast         Ice/Summ       2%         N/A       43%         3
 Curse of Agony           Necr           22%        N/A       43%         5
 Martyr's Knell           Necr/Summ      12%        N/A       45%         4
 Sculpt Simulacrum        Ice/Alch       1%         N/A       100%        6


Dungeon Overview and Level Annotations

Branches:
Dungeon (5/15)
 Temple: D:4-7

Altars:
Qazlal
Vehumet
Wu Jian


Innate Abilities, Weirdness & Mutations

You have sharp fingernails.
You are partially covered in sharp spines.


Message History

Press: ? - help, Shift-Dir - straight line, f/p - iguana
Aim: an iguana (lightly wounded, chance to affect: 86%)
The iguana writhes in agony.
Casting: Necrotise (safe; 1% risk of failure)
Confirm with . or Enter, or press ? or * to list all spells.
Aiming: Necrotise (safe; 1% risk of failure)
Press: ? - help, Shift-Dir - straight line, f/p - iguana
Aim: an iguana (moderately wounded, chance to affect: 86%)
The iguana writhes in agony.
Casting: Necrotise (safe; 1% risk of failure)
Confirm with . or Enter, or press ? or * to list all spells.
Aiming: Vampiric Draining (dangerous; 5% risk of failure)
Press: ? - help, Shift-Dir - straight line, f/p - iguana
Aim: an iguana (moderately wounded)
You draw life force from the iguana!
You kill the iguana!
Magic restored.
A centaur is nearby!
You start waiting.
A centaur is nearby!
You start waiting.
A centaur is nearby!
You start waiting.
A centaur is nearby!
The centaur shouts!
The centaur unwields the +8 whip "PaiMei's Curse" {pain, *Rage rPois rCorr}.
The centaur wields a +2 orcbow of draining.
You sense an unholy aura.
The centaur shoots an arrow.
The arrow hits you!
You feel drained.
The centaur shoots an arrow.
The arrow hits you.
You feel drained.
There is a stone staircase leading down here.
The centaur unwields a +2 orcbow of draining.
The centaur wields the +8 whip "PaiMei's Curse" {pain, *Rage rPois rCorr}.
The centaur hits you with the +8 whip "PaiMei's Curse" {pain, *Rage rPois rCorr}!
* * * LOW HITPOINT WARNING * * *
You writhe in agony.
* * * LOW HITPOINT WARNING * * *
The centaur misses you. The centaur is struck by your spines.
The centaur hits you with the +8 whip "PaiMei's Curse" {pain, *Rage rPois rCorr}!
You die...

........
#.#..########.
#.............
#######..#######.
................c
.........######..
#########.###
.......<..>.#
#.#.###.#..@####
#. ###.#..c...#
....#.#.#...##.#
#.....#<..# ..
#.#.#.#..#######
...#(.........
### ###...#####
....# .#....


You could see a centaur.

Vanquished Creatures
  A hound (D:3)
  A jelly (D:5)
  2 iguanas
  Robin (D:2)
  4 adders
  2 dart slugs
  2 ribbon worms
  3 orcs
  4 ball pythons
  6 endoplasms
  4 giant cockroaches
  14 goblins
  5 hobgoblins
  4 kobolds
  2 quokkas
  A bat (D:2)
  A frilled lizard (D:1)
  2 rats (D:3)
59 creatures vanquished.

Notes
Turn   | Place    | Note
-------+----------+-------------------------------------------
     0 | D:1      | PaiMei the Demonspawn Necromancer began the quest for the
                  | Orb.
     0 | D:1      | Reached XP level 1. HP: 13/13 MP: 3/3
   572 | D:1      | Gained mutation: You are partially covered in sharp spines.
                  | [demonic ancestry]
   572 | D:1      | Reached XP level 2. HP: 19/19 MP: 1/5
  1046 | D:2      | Noticed Robin
  1071 | D:2      | Reached XP level 3. HP: 24/24 MP: 0/6
  1246 | D:2      | Killed Robin
  1849 | D:2      | Found an ornate altar of the Wu Jian Council.
  1951 | D:2      | Identified the +1 scale mail "Axuigext" {rC+ rN+ Stlth+}
  2206 | D:3      | Learned a level 3 spell: Vampiric Draining
  2256 | D:3      | Reached skill level 5 in Necromancy
  2256 | D:3      | Reached XP level 4. HP: 19/30 MP: 0/8
  2659 | D:3      | Found a radiant altar of Vehumet.
  2819 | D:3      | Found a stormy altar of Qazlal.
  3428 | D:4      | Gained mutation: You have sharp fingernails. [demonic
                  | ancestry]
  3428 | D:4      | Reached XP level 5. HP: 31/35 MP: 3/9
  4032 | D:5      | Entered Level 5 of the Dungeon
  4092 | D:5      | Noticed a centaur
  4311 | D:5      | Identified the +8 whip "PaiMei's Curse" {pain, *Rage rPois
                  | rCorr}
  4334 | D:5      | Slain by a centaur

Illustrated notes

Levels and vault maps discovered:
D:1:      ldierk_walled_garden_2, layout_basic, reono_crystal_passage,
          moated_statue, minmay_octomino_e4
D:2:      layout_basic, basic_altar, uniq_robin
D:3:      layout_rooms, nicolae_vehumet_radiance, mainiacjoe_overflow_alcove_4
D:4:      layout_loops_ring
D:5:      layout_basic, minmay_temple_entry_glassed_door

Skill      XL: |  1  2  3  4  5 |
---------------+----------------+-----
Stealth        | 2 3 |  3.2
Dodging        | 2 3 |  3.1
Necromancy     | 5 |  5.4
Spellcasting   | 3 |  3.2

Action                     |  1- 3 |  4- 6 || total
---------------------------+-------+-------++-------
  Melee: Dagger            |    15 |       ||    15
   Cast: Necrotise         |    62 |    65 ||   127
         Vampiric Draining |       |     1 ||     1
 Armour: Robe              |    18 |    18 ||    36
  Dodge: Dodged            |    14 |    12 ||    26
